 Dungeon Crawl Stone Soup version 0.18-a0-1273-g8ec5f8e (webtiles) character file.

543 namelastname112 the Shooter (level 7, 48/60 HPs)
             Began as a Yellow Draconian Hunter on Feb 7, 2016.
             Quit the game on level 4 of the Dungeon.
             The game lasted 00:05:22 (3922 turns).

namelastname112 the Shooter (DrHu)                  Turns: 3922, Time: 00:05:23

Health: 48/60      AC:  6    Str: 13 (14) XL:     7   Next: 6%
Magic:  7/7        EV: 13    Int: 12      God:
Gold:   111        SH:  0    Dex: 11 (13) Spells: 0 memorised, 6 levels left

rFire  + . .     SeeInvis .     a - +1 shortbow
rCold  . . .     Gourm    .     (armour unavailable)
rNeg   . . .     Faith    .     (shield currently unavailable)
rPois  .         Spirit   .     (helmet restricted)
rElec  .         Dismiss  .     (no cloak)
rCorr  +         Reflect  .     (no gloves)
SustAt .         Harm     .     (no boots)
MR     .....                    (no amulet)
Stlth  +.........               (no ring)
                                q - ring of protection from fire

@: not resistant to hostile enchantments, very unstealthy
A: spit acid, acid resistance, unfitting armour, cold-blooded, AC +6
a: Spit Acid


You were on level 4 of the Dungeon.
You were not hungry.

You visited 1 branch of the dungeon, and saw 4 of its levels.

You collected 111 gold pieces.

Inventory:

Hand Weapons
 a - a +1 shortbow (weapon)
 b - a +0 short sword
Missiles
 c - 60 arrows (quivered)
Jewellery
 q - a ring of protection from fire (left hand)
Wands
 f - a wand of acid (4/15)
 p - a wand of confusion (32/48)
Scrolls
 h - 4 scrolls of remove curse {unknown}
 j - a scroll of recharging {unknown}
 k - a scroll of teleportation {unknown}
 l - a scroll of noise {unknown}
 n - a scroll of amnesia {unknown}
 o - 3 scrolls of identify {unknown}
Potions
 i - a potion of flight {unknown}
Comestibles
 d - 2 bread rations


   Skills:
 + Level 4.8 Fighting
 * Level 6.0 Bows
 + Level 3.5 Dodging
 - Level 0.8 Stealth


You had 6 spell levels left.
You didn't know any spells.

Dungeon Overview and Level Annotations

Branches:
Dungeon (4/15)
 Temple: D:4-7

Altars:
Dithmenos
Nemelex Xobeh
Zin


Innate Abilities, Weirdness & Mutations

You can spit globs of acid.
You are resistant to acid.
Your golden yellow scales are hard (AC +6).
Your body does not fit into most forms of armour.
You are cold-blooded and may be slowed by cold attacks.


Message History

The bat hits you but does no damage. The bat closely misses you.
The gnoll hits you. The bat barely misses you. The gnoll closely misses you.
The bat barely misses you.
Firing (i - inventory):
c - 61 arrows (quivered)
Press: ? - help, Shift-Dir - straight line, f/p - Eustachio
Aim: Eustachio, wielding a falchion and wearing a leather armour (almost dead, poisoned)
You shoot an arrow. The arrow misses the bat.
The arrow closely misses the river rat.
The arrow hits Eustachio.
You kill Eustachio!
Your Bows skill increases to level 6!
You have reached level 7!
Your scales start taking on a golden yellow colour.
You feel your strength returning.
The bat disappears in a puff of smoke!
The river rat disappears in a puff of smoke!
The bat disappears in a puff of smoke!
The gnoll hits you. The gnoll hits you but does no damage.
Unknown command.
You see here an arrow.
Are you sure you want to abandon this character and quit the game? (Confirm with "yes".)

#### ### #...
###########.# #...
#(...b(@(##.####...
##)#####..(....?.?.
#.# ###...##....
#@## #...#...$.
#gg# ...........
##.o..............
#.####...........
#o# .......#.....


goo ##.......#.#. #o# ......#..... #.# ##...##. #.. ... .. You could see an orc
priest, 2 gnolls and 4 orcs.

Vanquished Creatures
  Eustachio (D:4)
  A centaur (D:3)
  A hound (D:4)
  2 orc priests (D:3)
  A worker ant (D:3)
  Robin (D:2)
  6 adders
  A shadow imp (D:4)
  2 oozes (D:1)
  A worm (D:2)
  6 giant geckos
  8 orcs (D:3)
  4 giant cockroaches
  16 goblins
  9 hobgoblins
  A quokka (D:3)
  11 bats
  3 giant newts
  17 kobolds
  28 rats
120 creatures vanquished.

Notes
Turn   | Place    | Note
--------------------------------------------------------------
     0 | D:1      | namelastname112 the Draconian Hunter began the quest for the Orb.
     0 | D:1      | Reached XP level 1. HP: 17/17 MP: 1/1
    52 | D:1      | Reached skill level 4 in Bows
    52 | D:1      | Reached XP level 2. HP: 19/25 MP: 2/2
   476 | D:1      | Reached XP level 3. HP: 18/30 MP: 3/3
  1030 | D:2      | Noticed Robin
  1069 | D:2      | Killed Robin
  1073 | D:2      | Reached XP level 4. HP: 23/38 MP: 4/4
  1424 | D:2      | Found a shadowy altar of Dithmenos.
  1501 | D:2      | Found a glowing silver altar of Zin.
  1943 | D:2      | You fall through a shaft!
  2185 | D:3      | Reached XP level 5. HP: 20/46 MP: 5/5
  2425 | D:3      | Reached skill level 5 in Bows
  3160 | D:3      | Noticed a centaur
  3180 | D:3      | Killed a centaur
  3180 | D:3      | Reached XP level 6. HP: 5/53 MP: 6/6
  3836 | D:4      | Found a sparkling altar of Nemelex Xobeh.
  3843 | D:4      | Noticed Eustachio
  3920 | D:4      | Killed Eustachio
  3920 | D:4      | Reached skill level 6 in Bows
  3920 | D:4      | Reached XP level 7. HP: 52/60 MP: 7/7
  3920 | D:4      | Your scales start taking on a golden yellow colour.
  3922 | D:4      | Quit the game

Vault maps used:
D:1:      erik_arrival_gehennom, minmay_misc_feat_enclosed, serial_bayou_pond_a
D:2:      grunt_dithmenos_smoke_and_mirrors, lemuel_round_altar, uniq_robin
D:3:      first_bread, minmay_rat_hole
D:4:      nemelex_altar_shiori, tso_oasis_becter, uniq_eustachio, uniq_menkaure

Action                   |  1- 3 |  4- 6 |  7- 9 || total
-------------------------+-------+-------+-------++-------
Melee: Short sword       |   132 |    60 |       ||   192
       Unarmed           |       |    16 |       ||    16
 Fire: Shortbow          |     9 |   197 |       ||   206
  Use: Potion            |     4 |     5 |       ||     9
 Stab: Sleeping          |     1 |     1 |       ||     2
  Eat: Chunk             |       |     3 |       ||     3
       Meat ration       |       |     1 |       ||     1
       Bread ration      |       |     1 |       ||     1
